 Dungeon Sprint DCSS version 0.19.4-8-ga85b6b9 (webtiles) character file.

4200000 Groucho the Axe Maniac (level 23, -36/153 HPs)
             Began as a Vine Stalker Assassin on Feb 15, 2017.
             Was the Champion of Makhleb.
             Annihilated by The Servant
             ... wielding a +9 glaive of flaming
              (78 damage)
             ... in the Dungeon (Sprint VIII: "Arena of Blood").
             The game lasted 00:01:40 (42 turns).

Groucho the Axe Maniac (Vine Stalker Assassin)        Turns: 42, Time: 00:01:41

Health: -36/153    AC:  6    Str: 15    XL:     23   Next: 99%
Magic:  0/55       EV: 38    Int: 11    God:    Makhleb [******]
Gold:   0          SH:  0    Dex: 25    Spells: 0 memorised, 76 levels left

rFire  . . .     SeeInvis .     n - +∞ Axe of Woe
rCold  . . .     Gourm    .     c - +0 robe
rNeg   . . .     Faith    .     (shield currently unavailable)
rPois  .         Spirit   +     (no helmet)
rElec  .         Reflect  .     d - +0 cloak
rCorr  .         Harm     .     (no gloves)
MR     ++...     NoTele   +     (no boots)
Stlth  +++++++++.               (no amulet)
                                (no ring)
                                (no ring)

@: no status effects
A: fangs 3, regeneration 2, magic shield, antimagic bite, no device heal 3, rot
immunity
a: Minor Destruction, Lesser Servant of Makhleb, Major Destruction, Greater
Servant of Makhleb, Renounce Religion


You were in the Dungeon.
You worshipped Makhleb.
Makhleb was exalted by your worship.
You were not hungry.

You visited 1 branch

Inventory:

Hand Weapons
 a - a +2 dagger
 b - a +0 blowgun
 n - the +∞ Axe of Woe (weapon)
   (You found it in the Dungeon)
Missiles
 e - 8 poisoned needles
 f - 2 curare-tipped needles
Armour
 c - a +0 robe (worn)
 d - a +0 cloak (worn)
Scrolls
 m - a scroll of blinking
Potions
 h - a potion of curing
 i - a potion of heal wounds
 j - a potion of haste
 k - 2 potions of magic
 l - a potion of berserk rage
Comestibles
 g - a bread ration


   Skills:
 O Level 27 Fighting
 + Level 25.2 Short Blades
 O Level 27 Axes
 + Level 25.2 Throwing
 + Level 23.4 Armour
 O Level 27 Dodging
 O Level 27 Stealth
 O Level 27 Unarmed Combat
 O Level 27 Spellcasting
 + Level 26.9 Invocations


You had 76 spell levels left.
You didn't know any spells.

Dungeon Overview and Level Annotations

Branches:
Dungeon (1/1)

Altars:
Makhleb

Annotations:
D The Servant


Innate Abilities, Weirdness & Mutations

You have razor-sharp teeth.
You heal very quickly.
When hurt, damage is shared between your health and your magic reserves.
Your bite disrupts and absorbs the magic of your enemies.
Potions and wands cannot restore your health.
You are immune to rotting.


Message History

The Servant burns you!
You hear a shout! x6
An orc and an ogre come into view.
No reachable target in view!
Unknown command.
Press < or > to pray at altars. 4 orcs, 2 ogres, a vampire knight and a skeletal warrior come into view.
The destroyer is wielding a +9 great sword of slicing.
You are engulfed in roaring flames.
* * * LOW HITPOINT WARNING * * *
The destroyer shouts!
You hear a shout! x2
The meat berserker rages.
The meat berserker moves out of view.
The bag of meat moves out of view.
The meat berserker rages.
The meat berserker moves out of view.
You hear a shout! x7
The Servant is engulfed in roaring flames.
The Servant hits you with a +9 glaive of flaming!!!!
Ouch! That really hurt!
You die...

.. ..... #. ..o#
#.. ...# .
.###.. ...###..
......###z.....
......_.....
#..§§§# #_.§§§#
#..@@§#
......_..§C.ooo
......###O...Oo.
.###.. ...###V.
#.. ...# o #.
...# .. .....
.z..


You could see The Servant, a destroyer, 2 sculptors of flesh, a large bag of
meat (inner flame), 2 meat berserkers and 6 bags of meat.

Vanquished Creatures
  2 vampire knights (D)
  8 ogres (D)
  22 orcs (D)
  2 hill giants (D)
34 creatures vanquished.

Notes
Turn   | Place    | Note
-------+----------+-------------------------------------------
     0 | D        | Groucho the Vine Stalker Assassin began the quest for the Orb.
     0 | D        | Reached XP level 1. HP: 11/11 MP: 2/2
     3 | D        | Noticed a bag of meat
     4 | D        | Noticed a bag of meat
     4 | D        | Became a worshipper of Makhleb the Destroyer
     5 | D        | Noticed a bag of meat
     7 | D        | Noticed a bag of meat
    11 | D        | Noticed a bag of meat
    11 | D        | Killed a bag of meat
    11 | D        | Reached XP level 2. HP: 15/15 MP: 3/3
    11 | D        | Reached XP level 3. HP: 18/18 MP: 4/4
    11 | D        | Gained mutation: Your natural rate of healing is unusually fast. [Vine Stalker growth]
    11 | D        | Reached XP level 4. HP: 23/23 MP: 5/5
    11 | D        | Reached XP level 5. HP: 26/26 MP: 6/6
    11 | D        | Reached XP level 6. HP: 30/30 MP: 7/7
    11 | D        | Reached XP level 7. HP: 34/34 MP: 8/8
    11 | D        | Gained mutation: You have razor-sharp teeth. [Vine Stalker growth]
    11 | D        | Reached XP level 8. HP: 38/38 MP: 9/9
    11 | D        | Reached XP level 9. HP: 42/42 MP: 10/10
    11 | D        | Reached XP level 10. HP: 46/46 MP: 11/11
    11 | D        | Reached XP level 11. HP: 50/50 MP: 12/12
    11 | D        | Gained mutation: You heal very quickly. [Vine Stalker growth]
    11 | D        | Reached XP level 12. HP: 54/54 MP: 13/13
    11 | D        | Noticed a bag of meat
    12 | D        | Noticed a meat berserker
    12 | D        | Killed a meat berserker
    12 | D        | Reached * piety under Makhleb
    12 | D        | Reached XP level 13. HP: 10/58 MP: 2/14
    12 | D        | Reached XP level 14. HP: 11/62 MP: 2/15
    13 | D        | Noticed a bag of meat
    13 | D        | Noticed a bag of meat
    14 | D        | Noticed a bag of meat
    14 | D        | Noticed a bag of meat
    14 | D        | Killed a bag of meat
    15 | D        | Noticed a bag of meat
    15 | D        | Noticed a bag of meat
    16 | D        | Killed a bag of meat
    16 | D        | Reached XP level 15. HP: 45/65 MP: 2/16
    17 | D        | Reached ** piety under Makhleb
    17 | D        | Reached XP level 16. HP: 49/70 MP: 2/17
    18 | D        | Noticed a meat berserker
    19 | D        | Noticed a meat berserker
    19 | D        | Reached skill level 27 in Axes
    20 | D        | Reached *** piety under Makhleb
    20 | D        | Reached skill level 27 in Dodging
    20 | D        | Reached skill level 10 in Unarmed Combat
    22 | D        | Killed a meat berserker
    22 | D        | Reached XP level 17. HP: 93/93 MP: 3/34
    22 | D        | Reached **** piety under Makhleb
    22 | D        | Reached skill level 15 in Spellcasting
    22 | D        | Reached XP level 18. HP: 102/102 MP: 3/38
    23 | D        | Noticed a meat berserker
    23 | D        | Noticed a large bag of meat
    23 | D        | Noticed a meat berserker
    23 | D        | Reached skill level 15 in Fighting
    25 | D        | Killed a meat berserker
    26 | D        | Reached XP level 19. HP: 115/115 MP: 4/44
    27 | D        | Noticed a large bag of meat
    27 | D        | Reached ***** piety under Makhleb
    27 | D        | Reached skill level 27 in Unarmed Combat
    28 | D        | Noticed a large bag of meat
    28 | D        | Killed a meat berserker
    29 | D        | Reached skill level 27 in Spellcasting
    29 | D        | Reached XP level 20. HP: 134/134 MP: 4/52
    30 | D        | Killed a meat berserker
    30 | D        | Reached skill level 27 in Fighting
    30 | D        | Reached skill level 10 in Stealth
    31 | D        | Noticed The Servant
    33 | D        | Noticed a meat berserker
    33 | D        | Killed a large bag of meat
    33 | D        | Reached skill level 10 in Short Blades
    33 | D        | Reached skill level 10 in Throwing
    33 | D        | Reached skill level 15 in Stealth
    33 | D        | Reached XP level 21. HP: 142/142 MP: 5/53
    35 | D        | Noticed a destroyer
    35 | D        | Noticed a destroyer
    35 | D        | Reached ****** piety under Makhleb
    36 | D        | Reached skill level 15 in Invocations
    36 | D        | Reached skill level 15 in Short Blades
    36 | D        | Reached skill level 15 in Throwing
    37 | D        | Noticed a meat berserker
    37 | D        | Reached skill level 15 in Armour
    37 | D        | Reached XP level 22. HP: 148/148 MP: 3/54
    40 | D        | Reached skill level 27 in Stealth
    40 | D        | Reached XP level 23. HP: 153/153 MP: 2/55
    41 | D        | Killed a destroyer
    41 | D        | Killed a destroyer
    42 | D        | Noticed a destroyer
    42 | D        | Annihilated by The Servant

Skill      XL: |  1  2  3  4  5  6  7  8  9 10 11 12 13 14 15 16 17 18 19 20 21 22 23 |
---------------+----------------------------------------------------------------------+-----
Axes           | 18 22 24 26 27 | 27.0
Dodging        | 16 20 23 25 27 | 27.0
Fighting       | 11 14 18 25 27 | 27.0
Unarmed Combat | 16 21 26 27 | 27.0
Spellcasting   | 12 15 20 27 | 27.0
Short Blades   | 12 17 21 25 | 25.2
Throwing       | 12 17 22 25 | 25.2
Armour         | 11 15 20 23 | 23.4
Stealth        | 16 22 27 | 27.0
Invocations    | 12 18 23 26 | 26.9

Action                   |  1- 3 |  4- 6 |  7- 9 | 10-12 | 13-15 | 16-18 | 19-21 | 22-24 || total
-------------------------+-------+-------+-------+-------+-------+-------+-------+-------++-------
Melee: Executioner's axe |     1 |       |       |     1 |     3 |     6 |     8 |     4 ||    23
